 Dungeon Crawl Stone Soup version 0.32-a0-995-gb4a59205af (webtiles) character file.

Game seed: 7711412943108735407

32581 Cedruin the Severer (level 13, 0/187 HPs)
             Began as a Mountain Dwarf Fighter on Apr 22, 2024.
             Was the Champion of Jiyva.
             Slain by Rupert
             ... wielding a +3 vampiric battleaxe
              (24 damage)
             ... on level 3 of the Lair of Beasts.
             The game lasted 00:46:14 (11037 turns).

Cedruin the Severer (Mountain Dwarf Fighter)       Turns: 11037, Time: 00:46:18

Health: 0/187      AC: 22    Str: 20    XL:     13   Next: 32%
Magic:  13/13      EV:  2    Int: 11    God:    Jiyva [******]
Gold:   738        SH:  5    Dex: 17    Spells: 12/12 levels left

rFire   . . .        a - +0 war axe
rCold   . . .        c - +0 buckler
rNeg    . . .        e - melded +1 ring mail {Will+}
rPois   +            (helmet unavailable)
rElec   .            h - melded +2 cloak
rCorr   +            (gloves currently unavailable)
SInv    +            m - melded +0 pair of boots
Will    +....        j - amulet of regeneration
Stlth   ++           r - +6 ring of dexterity
HPRegen 2.91/turn    o - ring of poison resistance
MPRegen 0.93/turn

%: clarity
@: mighty, tree-form, corroded, calling ooze, studying Staves
A: stationary, stasis, torment immunity, boosted hp, runic magic, artefact
enchanting, (horns 3), (talons 1), (iridescent scales 1), clarity, (cold
resistance 3), (gelatinous body 3), MP-powered wands
a: Renounce Religion, Oozemancy, Slimify


You were on level 3 of the Lair of Beasts.
You worshipped Jiyva.
Jiyva was exalted by your worship.
You were a tree.
You visited 3 branches of the dungeon, and saw 16 of its levels.
You also visited: Bailey.

You collected 738 gold pieces.

Inventory:

Hand Weapons
 a - a +0 war axe (weapon)
 b - a +4 flail of protection
 y - a +0 battleaxe
 J - the +9 great sword of Xishuach {elec, rF+ Will+}
   (You found it on level 3 of the Lair of Beasts)

   rF+:       It protects you from fire.
   Will+:     It increases your willpower.
Missiles
 l - 22 poisoned darts
 B - 4 datura-tipped darts
 H - 3 curare-tipped darts
Armour
 c - a +0 buckler (worn)
 e - a +1 ring mail of willpower (melded)
 h - a +2 cloak (melded)
 m - a +0 pair of boots (melded)
 u - a scarf of repulsion
 w - the +0 helmet of the First Snow {rN++}
   (You acquired it on level 9 of the Dungeon)

   rN++:      It greatly protects you from negative energy.
Jewellery
 j - an amulet of regeneration (around neck)
 o - a ring of poison resistance (right branch)
 r - a +6 ring of dexterity (left branch)
 F - a ring of fire
 I - a +6 ring of strength
Wands
 g - a wand of acid (4)
 p - a wand of roots (8)
 A - a wand of flame (29)
 D - a wand of paralysis (12)
Scrolls
 i - 2 scrolls of immolation
 z - a scroll of amnesia
 C - 4 scrolls of revelation
 E - 3 scrolls of fear
 G - a scroll of poison
Potions
 d - 2 potions of might
 f - a potion of attraction
 k - 2 potions of lignification
 n - 2 potions of enlightenment
 s - 4 potions of brilliance
 t - a potion of curing
 v - a potion of mutation
 x - a potion of haste {unknown}


   Skills:
 + Level 14.4 Fighting
 + Level 15.9 Axes
 - Level 8.0 Armour
 + Level 6.9 Dodging
 - Level 5.0 Shields
 - Level 8.0 Evocations


You had 12 spell levels left.
You didn't know any spells.
Your spell library contained the following spells:

 Spells                   Type           Power      Damage    Failure   Level
 Apportation              Tloc           0%         N/A       41%         1
 Necrotise                Necr           0%         1d4       41%         1
 Sandblast                Erth           0%         2d4       41%         1
 Sting                    Conj/Alch      0%         1d3       41%         1
 Summon Small Mammal      Summ           0%         N/A       41%         1
 Jinxbite                 Hex            0%         N/A       54%         2
 Passwall                 Erth           0%         N/A       78%         3
 Stone Arrow              Conj/Erth      0%         3d7       78%         3
 Ignite Poison            Fire/Alch      0%         N/A       99%         4
 Sticky Flame             Fire/Alch      0%         2d4       99%         4
 Yara's Violent Unravell  Hex/Alch       0%         3d3       100%        5
 Enfeeble                 Hex            0%         N/A       100%        7
 Ignition                 Fire           0%         3d3       100%        8


Dungeon Overview and Level Annotations

Branches:
Dungeon (12/15)            Temple (1/1) D:4            Lair (3/5) D:10
 Shoals (0/4) Lair:2       Spider (0/4) Lair:2          Orc (0/2) D:9
 Bailey (visited)

Altars:
Ashenzari
Cheibriados
Dithmenos
Elyvilon
Fedhas
Gozag
Hepliaklqana
Kikubaaqudgha
Makhleb
Nemelex Xobeh
Okawaru
Qazlal
Ru
Sif Muna
Trog
Uskayaw
Vehumet
Wu Jian
Xom
Yredelemnul
Zin
The Shining One
Jiyva

Shops:
D:4 :

Annotations:
Lair:3 Rupert


Innate Abilities, Weirdness & Mutations

You are a tree.
Your roots penetrate the ground, keeping you stationary.
You cannot be teleported.
You are immune to unholy pain and torment.
Your maximum health is greatly increased.
Your equipment is partially melded.
Your spellcasting is much less encumbered by armour.
You can use scrolls of enchantment on lesser artefacts.
((You have a pair of large horns on your head.))
((You have sharp toenails.))
((You are partially covered in iridescent scales. (AC +2)))
You possess an exceptional clarity of mind.
((Your flesh is almost immune to the effects of cold. (rC+++)))
((Your gelatinous body deflects attacks. (AC +3, EV +3)))
You expend magic power (3 MP) to strengthen your wands.


Message History

Your +1 ring mail of willpower melds into your body.
You feel less strong-willed.
Your roots penetrate the ground.
The wall burns Rupert!
You block Rupert's attack.
You hear a distant slurping noise.
The wall burns Rupert!
Rupert hits you with a +3 vampiric battleaxe!!
* * * LOW HITPOINT WARNING * * *
You barely miss Rupert.
Rupert is heavily wounded.
The wall burns Rupert!
Rupert hits you but does no damage.
You closely miss Rupert.
Rupert is heavily wounded.
The wall burns Rupert!
Rupert hits you with a +3 vampiric battleaxe!
* * * LOW HITPOINT WARNING * * *
You slash Rupert!
Rupert is heavily wounded.
The wall burns Rupert!
You block Rupert's attack.
You closely miss Rupert.
Rupert is heavily wounded.
The wall burns Rupert!
Rupert hits you with a +3 vampiric battleaxe!
* * * LOW HITPOINT WARNING * * *
Rupert draws strength from your wounds!
You slash Rupert!
Rupert is heavily wounded.
The wall burns Rupert!
Rupert hits you but does no damage.
You slash Rupert!
Rupert is severely wounded.
The wall burns Rupert!
Rupert hits you with a +3 vampiric battleaxe!!
* * * LOW HITPOINT WARNING * * *
Rupert draws strength from your wounds!
As you read the scroll labelled EHISU OCARGH, it crumbles to dust.
You feel aware of your surroundings.
It was a scroll of revelation.
The wall burns Rupert!
Rupert hits you with a +3 vampiric battleaxe!!
You die...
Rupert roars with triumph.
Jiyva sends a jelly to digest your remains.

,,,,,,,,,,...,,,,,,,,,,*,,,**,,,,
,,,,,,,,,................,,,*,,,,
,,*****,,..............I.>.I**,**
,******,>....P..P.##........****
,,,,,,*,,......#####..##...####
,,,,,,**,....##.####..##......###
,*,,,,**,.....#...(.###.....#.#..
,,,,,,**,....#.#.@#........#.#.#.
*,,,,,**,.......♣....#...........
**,,,,,*,..............#.........
*,,**,*,,..............#.........
,,,***,,,....#.#.#.#.#.#...#.....
,,,,,,,,,....##......##.....##...
,,,,,,,,,.....##.#.##.###'#.#.#.#
,,,,,,,,,...........J.##...#.....
,,,,,,,,,...................#....
,*****,*,,,...........#..<.I#....


You could see Rupert (berserk) and a neutral jelly (wandering) (fellow slime).

Vanquished Creatures
  7 death yaks
  Sonja (D:12)
  A skyshark (Lair:3)
  3 deep elf pyromancers
  An oklob plant (Lair:3)
  5 cyclopes
  3 manticores
  Maurice (D:10)
  2 black mambas (Lair:2)
  3 cane toads (Lair:2)
  A gargoyle (D:11)
  A torpor snail (Lair:2)
  An unseen horror (D:10)
  2 komodo dragons
  7 kobold demonologists
  Jeremiah (Lair:1)
  Psyche (D:12)
  5 trolls
  A polar bear (Lair:1)
  2 hornets
  Grinder (D:3)
  A jumping spider (Lair:2)
  8 blink frogs (Lair:2)
  3 shadows
  Sigmund (D:3)
  A vampire (D:10)
  40 yaks
  2 basilisks
  3 redbacks (Lair:2)
  A steam dragon (D:8)
  Menkaure (D:7)
  2 acid dragons
  Edmund (D:6)
  7 water moccasins
  A swamp drake (D:9)
  11 orc warriors
  2 ogres (D:5)
  7 wolves (Lair:2)
  A black bear (Lair:1)
  2 centaurs
  6 bullfrogs
  2 kobold brigands
  3 scorpions
  9 wights
  18 killer bees
  A howler monkey (D:7)
  A bombardier beetle (D:5)
  A hound (D:5)
  A gnoll bouda (D:7)
  5 orc priests
  5 iguanas
  7 orc wizards
  16 gnolls
  6 adders
  A white imp (D:7)
  4 ufetubi
  A ribbon worm (D:3)
  26 orcs
  2 ball pythons
  2 bats
  4 endoplasms (D:2)
  4 giant cockroaches
  8 goblins
  5 hobgoblins
  3 jackals (D:1)
  4 quokkas
  3 frilled lizards
  12 kobolds
  4 rats
309 creatures vanquished.

Vanquished Creatures (collateral kills)
  An orc knight (Bailey)
  A komodo dragon (D:10)
2 creatures vanquished.

Vanquished Creatures (others)
  A deep elf pyromancer (D:12)
  A komodo dragon (D:12)
  A hornet (D:9)
  A shadow (D:12)
  A wraith (D:12)
  A steam dragon (D:7)
  A kobold brigand (D:11)
  A bullfrog (D:7)
  4 wights
  A killer bee (D:7)
  32 jellies
  A hound (D:5)
  An orc priest (D:11)
  An iguana (D:7)
  3 orc wizards
  An adder (D:6)
  2 white imps (D:7)
  11 orcs
  A kobold (D:4)
66 creatures vanquished.

Grand Total: 377 creatures vanquished

Notes
Turn   | Place    | Note
-------+----------+-------------------------------------------
     0 | D:1      | Cedruin the Mountain Dwarf Fighter began the quest for the
                  | Orb.
     0 | D:1      | Reached XP level 1. HP: 19/19 MP: 1/1
   369 | D:1      | Reached XP level 2. HP: 26/26 MP: 2/2
   398 | D:1      | Reached skill level 3 in Axes
   890 | D:2      | Reached XP level 3. HP: 28/31 MP: 3/3
  1202 | D:2      | Found a faded altar of an unknown god.
  1210 | D:2      | Prayed at the altar of an unknown god.
  1210 | D:2      | Became a worshipper of Jiyva Joisapen the Shapeless
  1210 | D:2      | Reached * piety under Jiyva
  1347 | D:3      | Noticed Sigmund
  1350 | D:3      | Killed Sigmund
  1351 | D:3      | Reached skill level 4 in Axes
  1351 | D:3      | Reached XP level 4. HP: 39/40 MP: 4/4
  1351 | D:3      | Reached XP level 5. HP: 45/46 MP: 5/5
  1409 | D:3      | Found an iron altar of Okawaru.
  1484 | D:3      | You fall into a shaft and drop 2 floors!
  1484 | D:5      | Entered Level 5 of the Dungeon
  1484 | D:5      | Reached ** piety under Jiyva
  1501 | D:5      | Reached skill level 5 in Axes
  1501 | D:5      | Noticed an ogre
  1507 | D:5      | Killed an ogre
  1508 | D:5      | Reached XP level 6. HP: 53/53 MP: 6/6
  1519 | D:5      | Found a radiant altar of Vehumet.
  1638 | D:4      | Found Gaib's Tremendous Tomes.
  1752 | D:3      | Noticed Grinder
  1763 | D:3      | Killed Grinder
  1764 | D:3      | Reached skill level 5 in Fighting
  1764 | D:3      | Reached skill level 6 in Axes
  1764 | D:3      | Reached skill level 5 in Armour
  1764 | D:3      | Reached skill level 5 in Shields
  1764 | D:3      | Reached XP level 7. HP: 57/61 MP: 7/7
  2141 | D:4      | Reached *** piety under Jiyva
  2302 | D:4      | Found a hide-covered altar of Uskayaw.
  2458 | D:4      | Found a staircase to the Ecumenical Temple.
  2466 | D:4      | Gained mutation: Your muscles are strong. (Str +4, Int/Dex
                  | -1) [Jiyva's grace]
  2466 | D:4      | Gained mutation: Your muscles are very strong. (Str +8,
                  | Int/Dex -2) [Jiyva's grace]
  2466 | D:4      | Gained mutation: You have a pair of small horns on your
                  | head. [Jiyva's grace]
  2466 | D:4      | Gained mutation: You have a pair of horns on your head.
                  | [Jiyva's grace]
  2960 | Temple   | Entered the Ecumenical Temple
  3019 | D:5      | Reached skill level 1 in Evocations
  3040 | D:5      | Reached **** piety under Jiyva
  3075 | D:5      | Reached skill level 7 in Axes
  3108 | D:5      | Found a basalt altar of Yredelemnul.
  3193 | D:5      | Reached XP level 8. HP: 50/69 MP: 8/8
  3235 | D:5      | Found a white marble altar of Elyvilon.
  3373 | D:5      | Found a broken altar of Ashenzari.
  3632 | D:6      | Noticed Edmund
  3653 | D:6      | Killed Edmund
  3699 | D:6      | Reached skill level 8 in Axes
  3714 | D:6      | Reached skill level 9 in Axes
  3853 | D:6      | Reached XP level 9. HP: 39/74 MP: 9/9
  4156 | D:7      | Found a sacrificial altar of Ru.
  4156 | D:7      | Found a glowing golden altar of the Shining One.
  4513 | D:7      | Noticed Menkaure
  4518 | D:7      | Killed Menkaure
  4548 | D:7      | Found a burning altar of Makhleb.
  4648 | D:7      | Reached skill level 10 in Axes
  4821 | D:8      | Reached skill level 5 in Evocations
  4845 | D:8      | Paralysed by a hornet for 1 turns
  4865 | D:8      | Found a blossoming altar of Fedhas.
  4911 | D:8      | Reached ***** piety under Jiyva
  4992 | D:8      | Noticed Prince Ribbit
  4997 | D:8      | Slimified Prince Ribbit
  4997 | D:8      | Prince Ribbit changed into Prince Ribbit the endoplasm
  4997 | D:8      | Noticed Prince Ribbit
  5009 | D:8      | Reached skill level 11 in Axes
  5018 | D:8      | Reached XP level 10. HP: 48/88 MP: 10/10
  5018 | D:8      | Lost mutation: You have a pair of horns on your head.
                  | [Jiyva's grace]
  5018 | D:8      | Lost mutation: You have a pair of small horns on your head.
                  | [Jiyva's grace]
  5018 | D:8      | Gained mutation: You have hidden genetic potential.
                  | [Jiyva's grace]
  5018 | D:8      | Gained mutation: You have great hidden genetic potential.
                  | [Jiyva's grace]
  5018 | D:8      | Gained mutation: You have sharp toenails. [Jiyva's grace]
  5018 | D:8      | Gained mutation: You have razor-sharp toenails. [Jiyva's
                  | grace]
  5299 | D:9      | Found a shimmering blue altar of Sif Muna.
  5399 | D:9      | Found a flagged portal.
  5413 | Bailey   | Entered a bailey
  5682 | Bailey   | Noticed an orc knight
  5701 | Bailey   | Killed an orc knight
  5702 | Bailey   | Reached skill level 1 in Dodging
  5754 | D:9      | Reached skill level 12 in Axes
  5981 | D:9      | Paralysed by a hornet for 1 turns
  6036 | D:9      | Found a staircase to the Orcish Mines.
  6170 | D:9      | Acquired the +0 helmet of the First Snow {rN++}
  6201 | D:10     | Entered Level 10 of the Dungeon
  6329 | D:10     | Noticed a manticore
  6366 | D:10     | Killed a manticore
  6384 | D:10     | Found a staircase to the Lair.
  6491 | D:10     | Noticed an orange demon
  6496 | D:10     | Noticed a rust devil
  6497 | D:10     | Reached XP level 11. HP: 77/97 MP: 11/11
  6568 | D:10     | Noticed a deep elf pyromancer
  6568 | D:10     | Noticed a deep elf pyromancer
  6574 | D:10     | Killed a deep elf pyromancer
  6579 | D:10     | Killed a deep elf pyromancer
  6580 | D:10     | Reached skill level 10 in Fighting
  6802 | D:10     | Lost mutation: You have razor-sharp toenails. [Jiyva's
                  | grace]
  6802 | D:10     | Lost mutation: Your muscles are very strong. (Str +8,
                  | Int/Dex -2) [Jiyva's grace]
  6802 | D:10     | Gained mutation: You possess an exceptional clarity of
                  | mind. [Jiyva's grace]
  6802 | D:10     | Gained mutation: Your rubbery body absorbs attacks. (AC +1,
                  | EV +1) [Jiyva's grace]
  6802 | D:10     | Gained mutation: Your pliable body absorbs attacks. (AC +2,
                  | EV +2) [Jiyva's grace]
  6802 | D:10     | Gained mutation: Your gelatinous body deflects attacks. (AC
                  | +3, EV +3) [Jiyva's grace]
  7242 | D:10     | Found a shimmering blue altar of Sif Muna.
  7648 | D:11     | Noticed Maurice
  7660 | D:10     | Maurice stole 14 poisoned darts
  7662 | D:10     | Maurice stole a +4 flail of protection
  7670 | D:10     | Killed Maurice
  7747 | D:11     | Reached skill level 5 in Dodging
  8120 | D:11     | Reached skill level 13 in Axes
  8139 | D:12     | Noticed a sixfirhy
  8145 | D:12     | Noticed a sixfirhy
  8157 | D:11     | Noticed a sixfirhy
  8205 | D:12     | Killed a deep elf pyromancer
  8395 | D:12     | Reached XP level 12. HP: 80/112 MP: 12/12
  8475 | D:12     | Gained mutation: You are partially covered in iridescent
                  | scales. (AC +2) [hidden potential]
  8516 | D:12     | Noticed Sonja
  8530 | D:12     | Killed Sonja
  8631 | D:12     | Reached skill level 14 in Axes
  8684 | D:12     | Noticed Psyche
  8705 | D:12     | Killed Psyche
  9032 | Lair:1   | Entered Level 1 of the Lair of Beasts
  9032 | Lair:1   | Lost mutation: You have great hidden genetic potential.
                  | [Jiyva's grace]
  9032 | Lair:1   | Gained mutation: A frigid envelope surrounds you and
                  | freezes all who hurt you. [Jiyva's grace]
  9032 | Lair:1   | Gained mutation: You have a pair of small horns on your
                  | head. [Jiyva's grace]
  9032 | Lair:1   | Gained mutation: You have a pair of horns on your head.
                  | [Jiyva's grace]
  9032 | Lair:1   | Gained mutation: You have a pair of large horns on your
                  | head. [Jiyva's grace]
  9037 | Lair:1   | Reached ****** piety under Jiyva
  9105 | Lair:1   | Noticed Jeremiah
  9118 | Lair:1   | Killed Jeremiah
  9540 | Lair:1   | Noticed a death yak
  9540 | Lair:1   | Noticed a death yak
  9541 | Lair:1   | Noticed a death yak
  9541 | Lair:1   | Noticed a death yak
  9552 | Lair:1   | Killed a death yak
  9552 | Lair:1   | Killed a death yak
  9554 | Lair:1   | Noticed a death yak
  9556 | Lair:1   | Killed a death yak
  9559 | Lair:1   | Killed a death yak
  9561 | Lair:1   | Killed a death yak
  9764 | Lair:2   | Found a staircase to the Shoals.
  9800 | Lair:2   | Reached skill level 15 in Axes
  9834 | Lair:2   | Found a hole to the Spider Nest.
  9913 | Lair:2   | Reached XP level 13. HP: 123/123 MP: 13/13
  9977 | Lair:2   | Gained mutation: You expend magic power (3 MP) to
                  | strengthen your wands. [hidden potential]
  9977 | Lair:2   | Lost mutation: You have hidden genetic potential. [hidden
                  | potential expressed]
 10052 | Lair:2   | Lost mutation: You are partially covered in iridescent
                  | scales. (AC +2) [Jiyva's grace]
 10052 | Lair:2   | Lost mutation: A frigid envelope surrounds you and freezes
                  | all who hurt you. [Jiyva's grace]
 10052 | Lair:2   | Lost mutation: Your muscles are strong. (Str +4, Int/Dex
                  | -1) [Jiyva's grace]
 10052 | Lair:2   | Gained mutation: Your flesh is cold resistant. (rC+)
                  | [Jiyva's grace]
 10052 | Lair:2   | Gained mutation: Your flesh is very cold resistant. (rC++)
                  | [Jiyva's grace]
 10052 | Lair:2   | Gained mutation: Your flesh is almost immune to the effects
                  | of cold. (rC+++) [Jiyva's grace]
 10052 | Lair:2   | Gained mutation: You are partially covered in iridescent
                  | scales. (AC +2) [Jiyva's grace]
 10753 | Lair:3   | Identified the +9 great sword of Xishuach {elec, rF+ Will+}
 11019 | Lair:3   | Noticed Rupert
 11037 | Lair:3   | Slain by Rupert

Illustrated notes

Levels and vault maps discovered:
D:1:      shiori_arrival_oz, layout_loops_ring, serial_forest,
          infiniplex_forest_straight_5, infiniplex_forest_straight_2,
          infiniplex_forest_clump_curved, infiniplex_forest_clump_small,
          infiniplex_forest_clump_small, infiniplex_forest_end_1,
          infiniplex_forest_lined_room_2
D:2:      layout_rooms, ebering_ecumenical_altar_webs
D:3:      layout_basic, okawaru_trees_1, grunt_decor_junction, uniq_sigmund,
          uniq_grinder
D:4:      layout_loops_corners, eat_drink_and_be_merry_uskayaw,
          minmay_temple_entry_overgrown, nicolae_shop_i_like_big_books,
          serial_bayou_lagoon_b
D:5:      layout_gridville, kennysheep_ying_yang, kennysheep_mini,
          general_overflow_altar
D:6:      layout_basic, uniq_edmund
D:7:      layout_loops_cross, mainiacjoe_overflow_large_starburst,
          lightli_temple_of_fire, uniq_menkaure
D:8:      layout_cave_pools, fedhas_altar_2, uniq_prince_ribbit1
D:9:      layout_rooms, lemuel_crystal_altar, erik_orc_1, enter_bailey_3,
          dk_noncrumbling_3
D:10:     layout_stronghold, david_lair_shrubbed, serial_library,
          serial_library_hellmonk_narrow_alcove,
          serial_library_hellmonk_metal_room,
          serial_library_hellmonk_layered_room, serial_library_hellmonk_u_bend,
          serial_library_hellmonk_hallway_b, serial_library_hellmonk_hallway_a,
          serial_library_hellmonk_small_alcove,
          serial_library_regret_index_multi,
          serial_library_hellmonk_recessed_alcove
D:11:     layout_rooms, uniq_maurice
D:12:     layout_irregular_city, serial_park_tiny_2, due_unseen_surprise,
          uniq_psyche, uniq_sonja
Temple:   bh_familiar_temple
Lair:1:   layout_chaotic_city, grunt_forest_large_clearings, uniq_jeremiah
Lair:2:   layout_chaotic_city, shoals_dummy_entry, spider_nest_entry_a,
          chequers_serial_rivers_room_a
Lair:3:   layout_regular_city, grunt_megastairs_1, uniq_rupert

Skill      XL: |  1  2  3  4  5  6  7  8  9 10 11 12 13 |
---------------+----------------------------------------+-----
Axes           | 3 4 5 6 7 9 11 12 13 15 | 15.9
Fighting       | 4 5 6 7 9 12 13 14 | 14.4
Armour         | 4 5 6 7 8 |  8.0
Shields        | 4 5 |  5.0
Evocations     | 2 4 5 7 8 |  8.0
Dodging        | 3 5 6 |  6.9

Action                     |  1- 3 |  4- 6 |  7- 9 | 10-12 | 13-15 || total
---------------------------+-------+-------+-------+-------+-------++-------
  Melee: War axe           |    82 |    41 |   287 |   664 |   193 ||  1267
         Headbutt          |       |       |    40 |    27 |    52 ||   119
  Throw: Throwing net      |       |       |       |       |     2 ||     2
 Invoke: Oozemancy         |       |       |     1 |     5 |     1 ||     7
         Slimify           |       |       |     1 |       |       ||     1
  Evoke: Wand              |     3 |     6 |     3 |     1 |       ||    13
    Use: Scroll            |     6 |       |     6 |     9 |     1 ||    22
         Potion            |       |       |       |     2 |     2 ||     4
   Stab: Distracted        |       |       |       |     1 |       ||     1
         Paralysed         |       |       |       |     2 |       ||     2
 Armour: Scale mail        |    43 |       |       |       |       ||    43
         Ring mail         |    39 |    28 |   267 |   554 |    91 ||   979
         Skin              |       |       |       |       |     7 ||     7
  Dodge: Dodged            |    37 |    11 |   151 |   397 |   106 ||   702
         Repelled          |       |       |       |    12 |       ||    12
  Block: Buckler           |    22 |     8 |    75 |   206 |    40 ||   351

Table legend: (Time is in decaauts)
 A = Elapsed time spent in this place.
 B = Non-inter-level travel time spent in this place.
 C = Inter-level travel time spent in this place.
 D = Time resting spent in this place.
 E = Time spent auto-exploring this place.
 F = Levels seen in this place.
 G = Mean time per level.
                   A        B        C        D        E       F      G
               +--------+--------+--------+--------+--------+-----+--------+
         Total |  11086 |  10576 |    510 |    468 |   7578 |  17 |  652.1 |
       Dungeon |   8769 |   8329 |    440 |    468 |   6012 |  12 |  730.8 |
        Temple |      1 |      1 |      0 |      0 |      0 |   1 |    1.0 |
          Lair |   1944 |   1874 |     70 |      0 |   1389 |   3 |  648.0 |
        Bailey |    370 |    370 |      0 |      0 |    176 |   1 |  370.0 |
               +--------+--------+--------+--------+--------+-----+--------+

Top non-repeatable levels by time:
    D:10: 1492 daAuts
     D:4: 1034 daAuts
  Lair:2: 962 daAuts
     D:1: 847 daAuts
    D:12: 786 daAuts
     D:7: 742 daAuts
  Lair:1: 705 daAuts
     D:5: 665 daAuts
     D:9: 633 daAuts
     D:3: 567 daAuts
     D:6: 531 daAuts
    D:11: 519 daAuts
     D:2: 488 daAuts
     D:8: 459 daAuts
  Bailey: 370 daAuts
